 Dungeon Crawl Stone Soup version 0.32-a0-886-g41c5271027 (webtiles) character file.

Game seed: 17955245342536211473

67 timneilson the Ruffian (level 4, 0/28 HPs)
             Began as an Octopode Shapeshifter on Apr 3, 2024.
             Slain by a gnoll
             ... wielding a +0 whip
              (6 damage)
             ... on level 1 of the Dungeon.
             The game lasted 00:01:33 (1013 turns).

timneilson the Ruffian (Octopode Shapeshifter)      Turns: 1013, Time: 00:01:34

Health: 0/28       AC:  1    Str: 15    XL:     4   Next: 16%
Magic:  4/4        EV: 12    Int: 12    God:
Gold:   44         SH:  0    Dex: 11    Spells: 3/3 levels left

rFire   . .          .
                       - Unarmed
rCold   . . .        (no shield)
rNeg    . . .        (helmet currently unavailable)
rPois   .            (no amulet)
rElec   .            (no ring)
rCorr   .            (no ring)
SInv    .            (no ring)
Will    .....        (no ring)
Stlth   +++          (no ring)
HPRegen 0.24/turn    (no ring)
MPRegen 0.09/turn    (no ring)
                     (no ring)

%: no passive effects
@: beast-form
A: beast (slay +1), almost no armour, amphibious, 8 rings, camouflage 1,
gelatinous body 1, (nimble swimmer 1), tentacles
a: Begin Untransformation


You were on level 1 of the Dungeon.
You were a hulking beast.
You visited 1 branch of the dungeon, and saw 2 of its levels.

You collected 44 gold pieces.

Inventory:

Talismans
 b - a beast talisman (active)
 c - a flux talisman
Potions
 a - a potion of lignification
 d - 2 potions of haste
 e - 2 potions of brilliance {unknown}


   Skills:
 + Level 1.5 Fighting
 * Level 2.7 Dodging
 + Level 1.4 Stealth
 * Level 3.5 Unarmed Combat
 * Level 3.4 Shapeshifting


You had 3 spell levels left.
You didn't know any spells.
Your spell library was empty.

Dungeon Overview and Level Annotations

Branches:
Dungeon (2/15)

Altars:


Innate Abilities, Weirdness & Mutations

You are a hulking beast.
Your limbs bulge with bestial killing power. (Slay +1)
You cannot wear most types of armour.
You are amphibious.
You can wear up to eight rings at the same time.
Your skin changes colour to match your surroundings (Stealth+).
Your rubbery body absorbs attacks. (AC +1, EV +1)
((You are camouflaged when in or above water. (Stealth+)))
You have tentacles for arms and can constrict up to eight enemies at once.


Message History

There is a stone staircase leading up here.
The gnoll misses you.
You climb upwards.
There is a stone staircase leading down here.
You tentacle-slap the gnoll. Your grab misses the gnoll. You squeeze the gnoll.
The gnoll is severely wounded.
The gnoll misses you.
You tentacle-slap the gnoll.
You kill the gnoll!
You have reached level 4!
You start resting.
HP restored.
You open the door.
There is a stone staircase leading down here.
You climb downwards.
The gnoll closely misses you. The frilled lizard misses you.
The gnoll closely misses you. The frilled lizard barely misses you.
There is a stone staircase leading up here.
The gnoll hits you with a +0 whip. The frilled lizard bites you.
The goblin barely misses you.
You climb upwards.
There is a stone staircase leading down here.
You bludgeon the goblin!
You kill the goblin!
The gnoll closely misses you. The frilled lizard bites you.
The gnoll hits you with a +0 whip. The frilled lizard misses you.
Things that are here:
a +0 club; a goblin corpse The gnoll attacks as it pursues you!
The gnoll hits you with a +0 whip.
The frilled lizard attacks as it pursues you!
The frilled lizard bites you.
There is an open door, spattered with blood here.
You tentacle-slap the gnoll. You grab the gnoll.
The gnoll is heavily wounded.
You constrict the gnoll. The gnoll hits you with a +0 whip.
* * * LOW HITPOINT WARNING * * *
You tentacle-slap the gnoll but do no damage.
The gnoll is severely wounded.
You constrict the gnoll. The gnoll hits you with a +0 whip.
You die...

#.............# #.###########.#
#.# #.# #.# #.# #.# #.# #
######'#### ###.# # #....(....#
#...####### #
#.........######...#.....####
#.........lgh......#.###.....
#####........)######...#.#.......
...##.......)>#.....####+#+##.##.
...#####+#'####.###.##.....(.....
...# #.....##.# #.##...........
...# #.....##.###'##.......##..
#### #.....##..............+...
#.....'...............##.#
###....###.............##.#


You could see a gnoll and a frilled lizard.

Vanquished Creatures
  3 gnolls
  3 endoplasms (D:1)
  3 giant cockroaches (D:1)
  5 goblins (D:1)
  2 hobgoblins (D:1)
  4 jackals (D:1)
  2 quokkas (D:1)
  4 ball pythons (D:1)
  2 bats (D:1)
  3 frilled lizards (D:1)
  2 kobolds (D:1)
  A rat (D:1)
34 creatures vanquished.

Notes
Turn   | Place    | Note
-------+----------+-------------------------------------------
     0 | D:1      | timneilson the Octopode Shapeshifter began the quest for
                  | the Orb.
     0 | D:1      | Reached XP level 1. HP: 13/13 MP: 1/1
   107 | D:1      | Reached XP level 2. HP: 14/18 MP: 2/2
   472 | D:1      | Reached XP level 3. HP: 22/23 MP: 3/3
   641 | D:1      | Reached skill level 1 in Stealth
   909 | D:1      | Reached XP level 4. HP: 6/28 MP: 4/4
  1013 | D:1      | Slain by a gnoll

Illustrated notes

Levels and vault maps discovered:
D:1:      tarquinn_simple_flora_water_c, layout_basic
D:2:      layout_loops_ring, uniq_crazy_yiuf_cottage, uniq_natasha

Skill      XL: |  1  2  3 |
---------------+----------+-----
Stealth        | 1 |  1.4
Fighting       | |  1.5
Dodging        | |  2.7
Unarmed Combat | |  3.5
Shapeshifting  | |  3.4

Action                     |  1- 3 |  4- 6 || total
---------------------------+-------+-------++-------
  Melee: Unarmed           |    52 |     3 ||    55
         Constrict         |    13 |     1 ||    14
         Tentacles         |     7 |       ||     7
         Punch             |     3 |       ||     3
    Use: Scroll            |     1 |       ||     1
   Stab: Sleeping          |    10 |       ||    10
 Armour: Skin              |    19 |     8 ||    27
  Dodge: Dodged            |    20 |     7 ||    27

Table legend: (Time is in decaauts)
 A = Elapsed time spent in this place.
 B = Non-inter-level travel time spent in this place.
 C = Inter-level travel time spent in this place.
 D = Time resting spent in this place.
 E = Time spent auto-exploring this place.
 F = Levels seen in this place.
 G = Mean time per level.
                   A        B        C        D        E       F      G
               +--------+--------+--------+--------+--------+-----+--------+
         Total |   1010 |   1001 |      9 |     91 |    698 |   2 |  505.0 |
       Dungeon |   1010 |   1001 |      9 |     91 |    698 |   2 |  505.0 |
               +--------+--------+--------+--------+--------+-----+--------+

Top non-repeatable levels by time:
     D:1: 988 daAuts
     D:2: 21 daAuts
